 Dungeon Crawl Stone Soup version 0.15.2 (webtiles) character file.

0 glosham the Chucker (level 1, 19/19 HPs)
             Began as an Ogre Arcane Marksman on Apr 9, 2017.
             Quit the game on Level 1 of the Dungeon.
             The game lasted 00:01:32 (141 turns).

glosham the Chucker (Ogre Arcane Marksman)           Turns: 141, Time: 00:01:32

HP  19/19        AC  3     Str 15      XL: 1   Next:  0%
MP   2/2         EV 10     Int 12      God:
Gold 0           SH  0     Dex  9      Spells:  1 memorised,  1 level left

rFire  . . .     SeeInvis .     (no weapon)
rCold  . . .     Clarity  .     a - +0 robe
rNeg   . . .     rCorr    .     (shield restricted)
rPois  .         rRot     .     (helmet restricted)
rElec  .         Spirit   .     (no cloak)
SustAb .         Warding  .     (gloves unavailable)
rMut   .         Stasis   .     (boots unavailable)
Gourm  .                        (no amulet)
MR     .....                    (no ring)
                                (no ring)

@: not resistant to hostile enchantments, very unstealthy
A: unfitting armour, tough skin 1
a: no special abilities


You were on level 1 of the Dungeon.
You were not hungry.

You visited 1 branch of the dungeon, and saw 1 of its levels.

Inventory:

Missiles
 b - 4 large rocks (quivered)
 c - 2 throwing nets
Armour
 a - a +0 robe (worn)
Comestibles
 f - a meat ration
Books
 d - a book of Debilitation

   Spells                             Type                      Level
   *Corona                            Hexes                        1
   Slow                               Hexes                        2
   Inner Flame                        Hexes/Fire                   3
   Enslavement                        Hexes                        4
   Cause Fear                         Hexes                        4
   Leda's Liquefaction                Hexes/Earth                  4


   Skills:
 * Level 1.3 Fighting
 - Level 2.1 Throwing
 - Level 1.7 Dodging
 - Level 1.2 Spellcasting
 - Level 2.1 Hexes


You had one spell level left.
You knew the following spells:

 Your Spells              Type           Power        Failure   Level  Hunger
c - Corona                Hex            #......      14%         1    ##.....


Dungeon Overview and Level Annotations

Branches:
Dungeon (1/15)

Altars:


Innate Abilities, Weirdness & Mutations

You are too large for most types of armour.
You have tough skin (AC +1).


Message History

You hit the plant but do no damage.
The plant is almost destroyed.
You hit the plant but do no damage.
The plant is almost destroyed.
You hit the plant but do no damage.
The plant is almost destroyed.
You hit the plant but do no damage.
The plant is almost destroyed.
You hit the plant but do no damage.
The plant is almost destroyed.
You hit the plant but do no damage.
The plant is almost destroyed.
You hit the plant but do no damage.
The plant is almost destroyed.
You hit the plant but do no damage.
The plant is almost destroyed.
You hit the plant but do no damage.
The plant is almost destroyed.
You hit the plant but do no damage.
The plant is almost destroyed.
You hit the plant.
The plant is almost destroyed.
You hit the plant but do no damage.
The plant is almost destroyed.
You hit the plant but do no damage.
The plant is almost destroyed.
You hit the plant.
The plant is almost destroyed.
You hit the plant but do no damage.
The plant is almost destroyed.
You hit the plant but do no damage.
The plant is almost destroyed.
You hit the plant but do no damage.
The plant is almost destroyed.
You hit the plant but do no damage.
The plant is almost destroyed.
You hit the plant.
You destroy the plant!
b - 4 large rocks Are you sure you want to abandon this character and quit the game? (Confirm with "yes".)

♣♣♣
♣♣♣@♣
♣♣♣♣♣♣
♣♣..♣♣
♣P...♣♣
♣.♣.♣
♣..<..♣♣
♣♣.♣♣
♣......♣
♣.♣♣
♣.♣..♣♣♣
♣♣.♣♣
♣♣..♣♣
♣♣.♣
♣♣.♣♣
♣♣♣..♣
♣..♣
♣♣..♣♣♣
♣♣.♣


There were no monsters in sight!

Vanquished Creatures
  A plant (D:1)
1 creature vanquished.

Notes
Turn   | Place    | Note
--------------------------------------------------------------
     0 | D:1      | glosham, the Ogre Arcane Marksman, began the quest for the Orb.
     0 | D:1      | Reached XP level 1. HP: 19/19 MP: 2/2
   141 | D:1      | Quit the game

Action                   || total
-------------------------++-------
Melee: Unarmed           ||    97
Throw: Large rock        ||     5

Table legend:
 A = Turns spent in this place as a percentage of turns spent in the entire game.
 B = Non-inter-level travel turns spent in this place as a percentage of non-inter-level travel turns spent in the entire game.
 C = Inter-level travel turns spent in this place as a percentage of turns spent in this place.
 D = Turns resting spent in this place as a percentage of non-inter-level travel turns spent in this place.
 E = Turns spent auto-exploring this place as a percentage of non-inter-level travel turns spent in this place.
 F = Non-inter-level travel turns spent in this place divided by the number of levels of this place that you've seen.
                   A       B       C       D       E      F
               +-------+-------+-------+-------+-------+----------------------
         Total | 100.0 | 100.0 |   0.0 |   0.0 |   0.0 | 167.0
       Dungeon | 100.0 | 100.0 |   0.0 |   0.0 |   0.0 | 167.0
               +-------+-------+-------+-------+-------+----------------------

Vault maps used:
D:1:      kilobyte_arrival_exit_the_forest
